[Event "83rd Georgian Championship 2024"]
[Site "Tbilisi"]
[Date "2024.01.31"]
[Round "3.5"]
[White "Pantsulaia, Levan"]
[Black "Gagunashvili, Merab"]
[Result "1/2-1/2"]
[ECO "A14"]
[WhiteElo "2561"]
[BlackElo "2562"]
[Annotator "TA"]
[PlyCount "96"]
[EventDate "2024.01.29"]
[EventCountry "GEO"]
[SourceTitle "playchess.com"]
[Source "ChessBase"]
[SourceQuality "1"]
[TimeControl "5400+30"]

1. Nf3 d5 2. c4 e6 3. b3 Nf6 4. g3 Be7 5. Bg2 O-O 6. O-O b6 7. Bb2 Bb7 8. e3 c5 9. Nc3 dxc4 10. bxc4 Ne4 11. Ne5 Nxc3 12. Bxc3 Qc7 13. f4 Bxg2 14. Kxg2 Nc6 15. Qf3 Rac8 (15... Nxe5 $11 16. fxe5 g6) 16. Nxc6 Qxc6 17. a4 Rfd8 18. e4 f5 19. e5 a5 20. Qxc6 Rxc6 21. h3 g5 22. g4 fxg4 23. hxg4 {[%emt 0:01:15] [#] f5 would now be deadly.} gxf4 24. Rxf4 Bg5 25. Rf2 Rf8 (25... Rd3 $11) 26. Rb1 (26. Rxf8+ $14 Kxf8 27. Rb1) 26... Bd8 27. Rxf8+ Kxf8 $14 {[%emt 0:00:07][%mdl 4096] Endgame. KRB-KRB} 28. d3 Rc8 29. Bd2 Kg7 30. Kf3 {[%emt 0:03:09] White is more active.} Rc7 31. Ke4 $1 (31. Rxb6 $2 {is the wrong capture.} Rf7+ 32. Ke2 Bxb6 $19) 31... Rd7 32. Be3 {[%emt 0:00:46] Inhibits Rd4+.} Kf7 33. Rb2 (33. Rh1 $16 Kg7 34. d4 cxd4 35. Bxd4) 33... Ke8 $1 $11 34. Rh2 {[%emt 0:06:23] aiming for Rh6.} Rg7 35. Kf3 Rf7+ 36. Ke2 Rg7 37. Rh6 Rg6 38. Rxg6 hxg6 {[%emt 0:00:05] KB-KB} 39. Kf3 Kd7 40. Ke4 Be7 41. Bc1 Ke8 42. Ba3 Kd7 43. Bc1 Ke8 44. Be3 Kf7 45. Kf4 Kf8 46. Kg3 Kf7 47. Kh3 Ke8 48. Bf2 Kf7 {[%emt 0:00:37] Weighted Error Value: White=0.10 (very precise) /Black=0.09 (flawless) .  Mistake:       	White=2     	Black=2      Inaccurate:     	White=1     	Black=4      OK:         	White=12    	Black=14     Best:        	White=1     	Black=2      Strong:       	White=1     	Black=1} 1/2-1/2

[Event "83rd Georgian Championship 2024"]
[Site "Tbilisi"]
[Date "2024.02.01"]
[Round "4.1"]
[White "Kacharava, Nikolozi"]
[Black "Gagunashvili, Merab"]
[Result "1/2-1/2"]
[ECO "C65"]
[WhiteElo "2523"]
[BlackElo "2562"]
[Annotator "ChessBase"]
[PlyCount "68"]
[EventDate "2024.01.29"]
[EventCountry "GEO"]
[SourceTitle "playchess.com"]
[Source "ChessBase"]
[SourceQuality "1"]
[TimeControl "5400+30"]

1. e4 e5 2. Nf3 Nc6 3. Bb5 Nf6 4. d3 Bc5 5. c3 O-O 6. O-O Re8 7. h3 h6 8. Nbd2 a6 9. Bxc6 dxc6 10. Nc4 Bd6 11. b3 b5 12. Ne3 Nd7 13. Qc2 Nf8 14. a4 Qf6 15. axb5 cxb5 16. Nd5 Qg6 17. Kh2 Qh5 18. Rg1 f5 19. c4 Ne6 20. cxb5 Bb7 21. Ba3 axb5 22. Bxd6 cxd6 23. Rxa8 Bxa8 24. Ra1 Bxd5 25. exd5 Nf4 26. Qc6 Rf8 27. Qxd6 Nxh3 28. Nxe5 Nxf2+ 29. Kg1 Qh1+ 30. Kxf2 Qxa1 31. Qe6+ Kh7 32. Qg6+ Kg8 33. Qe6+ Kh7 34. Qg6+ Kg8 1/2-1/2

[Event "83rd Georgian Championship 2024"]
[Site "Tbilisi"]
[Date "2024.02.01"]
[Round "4.2"]
[White "kiladze, Luka"]
[Black "Pantsulaia, Levan"]
[Result "1-0"]
[ECO "D00"]
[WhiteElo "2179"]
[BlackElo "2561"]
[Annotator "ChessBase"]
[PlyCount "91"]
[EventDate "2024.01.29"]
[EventCountry "GEO"]
[SourceTitle "playchess.com"]
[Source "ChessBase"]
[SourceQuality "1"]
[TimeControl "5400+30"]

1. d4 Nf6 2. Nc3 d5 3. Bf4 a6 4. e3 b5 5. Bd3 e6 6. g4 c5 7. g5 Nfd7 8. a3 Nc6 9. Nf3 g6 10. h4 h5 11. gxh6 Bxh6 12. Bxh6 Rxh6 13. Qd2 Qf6 14. Be2 Rh8 15. O-O-O Bb7 16. Ng5 O-O-O 17. f4 Qe7 18. Bg4 Kb8 19. h5 f5 20. Bf3 gxh5 21. Bxh5 Nf6 22. Qe2 Rc8 23. dxc5 Na5 24. Bf3 Rxh1 25. Rxh1 Nc4 26. Qd3 Ne4 27. Rh7 Qxc5 28. Nxe6 Qb6 29. Nd4 Qg6 30. Re7 Nxa3 31. Nde2 b4 32. bxa3 bxc3 33. Bxe4 dxe4 34. Qd4 Ka8 35. Nxc3 Qc6 36. Kb2 a5 37. Rd7 Rb8 38. Ka1 Rg8 39. Rd8+ Rxd8 40. Qxd8+ Ka7 41. Qxa5+ Ba6 42. Kb2 Qf6 43. Qc5+ Ka8 44. Kc1 Qg7 45. Qd5+ Bb7 46. Qa5+ 1-0

[Event "83rd Georgian Championship 2024"]
[Site "Tbilisi"]
[Date "2024.02.01"]
[Round "4.3"]
[White "Jobava, Baadur"]
[Black "Quparadze, Giga"]
[Result "1-0"]
[ECO "B41"]
[WhiteElo "2591"]
[BlackElo "2491"]
[Annotator "ChessBase"]
[PlyCount "115"]
[EventDate "2024.01.29"]
[EventCountry "GEO"]
[SourceTitle "playchess.com"]
[Source "ChessBase"]
[SourceQuality "1"]
[TimeControl "5400+30"]

1. e4 c5 2. Nf3 e6 3. d4 cxd4 4. Nxd4 a6 5. c4 Nf6 6. Nc3 Bb4 7. Bd3 Nc6 8. a3 Bxc3+ 9. bxc3 d6 10. Nxc6 bxc6 11. c5 d5 12. exd5 Qxd5 13. O-O O-O 14. Be3 e5 15. c4 Qe6 16. h3 Qe7 17. Qa4 Rd8 18. Rfd1 Bd7 19. Rd2 Be8 20. Rad1 a5 21. Qc2 h6 22. Qc3 Rd7 23. Bc2 Rxd2 24. Qxd2 Ra7 25. Rb1 Nd7 26. Qd6 Qxd6 27. cxd6 c5 28. Bf5 Ra6 29. Bxc5 Rc6 30. Be3 Rxd6 31. c5 Rc6 32. Be4 Rc7 33. c6 Nf6 34. Rb8 Nxe4 35. Rxe8+ Kh7 36. Rxe5 Ng5 37. Bxg5 hxg5 38. Rxg5 Rxc6 39. Rxa5 Rc1+ 40. Kh2 Rc3 41. a4 Ra3 42. Rh5+ Kg6 43. Rh4 f5 44. Rf4 Kg5 45. g3 Kf6 46. h4 g6 47. Kg2 Ra1 48. Kf3 Ra3+ 49. Ke2 Ke5 50. Kd2 Rb3 51. Kc2 Ra3 52. Kb2 Rd3 53. a5 Kd6 54. h5 gxh5 55. Rxf5 Ke6 56. Rxh5 Rd2+ 57. Kb3 Rxf2 58. a6 1-0

[Event "83rd Georgian Championship 2024"]
[Site "Tbilisi"]
[Date "2024.02.01"]
[Round "4.4"]
[White "Paichadze, Luka"]
[Black "Sanikidze, Tornike"]
[Result "1/2-1/2"]
[ECO "B53"]
[WhiteElo "2503"]
[BlackElo "2449"]
[Annotator "ChessBase"]
[PlyCount "63"]
[EventDate "2024.01.29"]
[EventCountry "GEO"]
[SourceTitle "playchess.com"]
[Source "ChessBase"]
[SourceQuality "1"]
[TimeControl "5400+30"]

1. e4 c5 2. Nf3 d6 3. d4 cxd4 4. Qxd4 Nc6 5. Qe3 g6 6. Be2 Bg7 7. O-O Nf6 8. Nc3 O-O 9. Rd1 Ng4 10. Qg5 Nge5 11. Nxe5 Bxe5 12. Nd5 e6 13. Qxd8 Rxd8 14. Ne3 Bg7 15. c3 b6 16. Nc2 Bb7 17. Bg5 f6 18. Bf4 Ne5 19. f3 Kf7 20. a4 d5 21. exd5 Bxd5 22. a5 Bf8 23. Nb4 Bc4 24. Rxd8 Rxd8 25. Bxe5 Bxe2 26. Nc6 Rd1+ 27. Rxd1 Bxd1 28. axb6 axb6 29. Bd4 b5 30. Nd8+ Ke7 31. Bc5+ Kxd8 32. Bxf8 1/2-1/2

[Event "83rd Georgian Championship 2024"]
[Site "Tbilisi"]
[Date "2024.02.01"]
[Round "4.5"]
[White "Mchedlishvili, Mikheil"]
[Black "Tsomaia, Nikoloz"]
[Result "1-0"]
[ECO "D37"]
[WhiteElo "2569"]
[BlackElo "2231"]
[Annotator "ChessBase"]
[PlyCount "57"]
[EventDate "2024.01.29"]
[EventCountry "GEO"]
[SourceTitle "playchess.com"]
[Source "ChessBase"]
[SourceQuality "1"]
[TimeControl "5400+30"]

1. d4 d5 2. c4 e6 3. Nf3 Nf6 4. Nc3 Be7 5. Bf4 c5 6. dxc5 Bxc5 7. e3 Nc6 8. Qc2 O-O 9. Rd1 Qa5 10. Be2 dxc4 11. Bxc4 a6 12. O-O Be7 13. Ne4 Nb4 14. Nxf6+ gxf6 15. Qe2 Qh5 16. Bd6 Nc6 17. Bxe7 Nxe7 18. Qd2 Kh8 19. Be2 Rg8 20. g3 Ng6 21. Qd6 b5 22. Qc7 e5 23. Qxf7 Rf8 24. Rd8 Bg4 25. Rxa8 Rxa8 26. Qxf6+ Kg8 27. Bd1 h6 28. Bb3+ Kh7 29. Rc1 1-0

[Event "83rd Georgian Championship 2024"]
[Site "Tbilisi"]
[Date "2024.02.02"]
[Round "5.1"]
[White "Tsomaia, Nikoloz"]
[Black "Kacharava, Nikolozi"]
[Result "0-1"]
[ECO "C68"]
[WhiteElo "2231"]
[BlackElo "2523"]
[Annotator "RC"]
[PlyCount "115"]
[EventDate "2024.01.29"]
[EventCountry "GEO"]
[SourceTitle "playchess.com"]
[Source "ChessBase"]
[SourceQuality "1"]
[TimeControl "5400+30"]

1. e4 e5 2. Nf3 Nc6 3. Bb5 a6 4. Bxc6 dxc6 5. O-O Qf6 6. d4 exd4 7. Bg5 Qd6 8. Nxd4 Be7 9. Be3 Nh6 10. f3 Bd7 11. Qe2 O-O-O 12. Nd2 f5 13. Nc4 Qf6 14. e5 Qh4 15. g3 Qh5 16. e6 Be8 17. Ne5 f4 18. gxf4 Rd6 19. Nc4 Rd5 20. Kh1 c5 21. Nb3 Nf5 22. Bf2 Bb5 23. Nba5 Rf8 24. Qe4 Bxc4 25. Nxc4 Rd4 26. Qe2 Rxf4 27. Rae1 Rf6 28. Rg1 Qxf3+ 29. Qxf3 Rxf3 30. Rg2 Rf4 31. b3 g6 32. Kg1 Ng7 33. Bg3 Rg4 34. Rd2 Rd4 35. Rxd4 cxd4 36. Bh4 g5 37. Bxg5 Rg6 38. h4 Bxg5 39. hxg5 Nxe6 40. Kf2 Nxg5 41. Re8+ Kd7 42. Rb8 Rf6+ 43. Ke2 b5 44. Rg8 Ne4 45. Rg7+ Ke6 46. Na5 Nc3+ 47. Kd3 c5 48. Nb7 Rf3+ 49. Kd2 Ne4+ 50. Ke2 Re3+ 51. Kd1 Nc3+ 52. Kd2 Ne4+ 53. Kd1 c4 54. bxc4 bxc4 55. Rxh7 Nf2+ 56. Kc1 c3 57. Rh6+ Ke5 58. Rh5+ 0-1

[Event "83rd Georgian Championship 2024"]
[Site "Tbilisi"]
[Date "2024.02.02"]
[Round "5.2"]
[White "Sanikidze, Tornike"]
[Black "Mchedlishvili, Mikheil"]
[Result "1/2-1/2"]
[ECO "D43"]
[WhiteElo "2449"]
[BlackElo "2569"]
[Annotator "RC"]
[PlyCount "72"]
[EventDate "2024.01.29"]
[EventCountry "GEO"]
[SourceTitle "playchess.com"]
[Source "ChessBase"]
[SourceQuality "1"]
[TimeControl "5400+30"]

1. d4 Nf6 2. c4 e6 3. Nf3 d5 4. Nc3 c6 5. Bg5 h6 6. Bh4 dxc4 7. e4 g5 8. Bg3 b5 9. Be2 Bb7 10. O-O Nbd7 11. Ne5 h5 12. Nxd7 Qxd7 13. Qc1 Rg8 14. Rd1 Be7 15. Qc2 h4 16. Be5 g4 17. b3 cxb3 18. Qxb3 a6 19. a4 Kf8 20. d5 exd5 21. exd5 Qf5 22. dxc6 Bxc6 23. Bxf6 Qxf6 24. axb5 axb5 25. Rxa8+ Bxa8 26. Nd5 Bxd5 27. Qxd5 Rg5 28. Qe4 g3 29. fxg3 hxg3 30. Rf1 gxh2+ 31. Kh1 Qe5 32. Qh7 Bf6 33. Bxb5 Qxb5 34. Rxf6 Qd5 35. Qh6+ Kg8 36. Rf3 Rg6 1/2-1/2

[Event "83rd Georgian Championship 2024"]
[Site "Tbilisi"]
[Date "2024.02.02"]
[Round "5.3"]
[White "Quparadze, Giga"]
[Black "Paichadze, Luka"]
[Result "1-0"]
[ECO "B15"]
[WhiteElo "2491"]
[BlackElo "2503"]
[Annotator "RC"]
[PlyCount "75"]
[EventDate "2024.01.29"]
[EventCountry "GEO"]
[SourceTitle "playchess.com"]
[Source "ChessBase"]
[SourceQuality "1"]
[TimeControl "5400+30"]

1. e4 c6 2. d4 d5 3. Nc3 g6 4. e5 Bg7 5. h3 f6 6. f4 c5 7. Nf3 cxd4 8. Bb5+ Kf7 9. Qxd4 e6 10. Ne4 a6 11. Ba4 b5 12. Nd6+ Kf8 13. Bb3 Nc6 14. Qc5 Nge7 15. f5 gxf5 16. exf6 Bxf6 17. Bh6+ Kg8 18. g4 Ne5 19. O-O-O Nf7 20. Nxf7 Kxf7 21. g5 Bg7 22. Bxg7 Kxg7 23. Qc3+ Kg8 24. Rhe1 a5 25. Qf6 Qf8 26. Rxe6 Bxe6 27. Qxe6+ Qf7 28. Qd6 Re8 29. Ne5 Nc8 30. Nxf7 Nxd6 31. Nxd6 Rf8 32. Nxb5 Kg7 33. Nd4 Kg6 34. Bxd5 f4 35. Be4+ Kh5 36. Rg1 Kh4 37. Nf3+ Kh5 38. Rg4 1-0

[Event "83rd Georgian Championship 2024"]
[Site "Tbilisi"]
[Date "2024.02.02"]
[Round "5.5"]
[White "Gagunashvili, Merab"]
[Black "kiladze, Luka"]
[Result "1-0"]
[ECO "E62"]
[WhiteElo "2562"]
[BlackElo "2179"]
[Annotator "RC"]
[PlyCount "166"]
[EventDate "2024.01.29"]
[EventCountry "GEO"]
[SourceTitle "playchess.com"]
[Source "ChessBase"]
[SourceQuality "1"]
[TimeControl "5400+30"]

1. d4 Nf6 2. c4 g6 3. g3 Bg7 4. Bg2 d6 5. Nc3 O-O 6. Nf3 Nc6 7. O-O e5 8. d5 Nb8 9. c5 Na6 10. cxd6 cxd6 11. Nd2 Bd7 12. b3 b5 13. Bb2 Qe7 14. a3 Rfc8 15. b4 e4 16. e3 Ng4 17. Rc1 f5 18. Qb3 Ne5 19. Ne2 Rxc1 20. Nxc1 Rc8 21. Ne2 Nc7 22. Bd4 Qf7 23. Bxa7 Nxd5 24. Bd4 Be6 25. Qd1 g5 26. f3 exf3 27. Nxf3 Nxf3+ 28. Bxf3 Nf6 29. Nc3 Bc4 30. Rf2 Qe7 31. Bxf6 Bxf6 32. Nd5 Bxd5 33. Qxd5+ Kg7 34. Qxf5 Rc1+ 35. Kg2 Qe5 36. Qd7+ Qe7 37. Qxb5 Qxe3 38. Qd7+ Qe7 39. Qxe7+ Bxe7 40. Bd5 Bf6 41. b5 Bd4 42. Rf7+ Kg6 43. Rd7 g4 44. h4 Kf5 45. Rxh7 Rg1+ 46. Kh2 Rb1 47. Rh5+ Kf6 48. a4 Rb4 49. Rh6+ Ke5 50. Rh5+ Kf6 51. Rh6+ Ke5 52. Bg2 Rxa4 53. Rg6 Rb4 54. Rxg4 Bg1+ 55. Kh3 Rb3 56. h5 Kf6 57. Bc6 Rb2 58. Rg6+ Ke7 59. Kg4 Bd4 60. Kf5 Be5 61. g4 Rb4 62. Re6+ Kf7 63. Bd5 Kf8 64. Bc6 Kf7 65. Bd5 Kf8 66. Rg6 Rxb5 67. Ke6 Ra5 68. h6 Ra7 69. Kf5 Ra5 70. Rg8+ Ke7 71. Ke4 Ra4+ 72. Kf5 Ra5 73. Bb3 Rb5 74. Ba4 Ra5 75. Bb3 Rb5 76. Ba4 Ra5 77. Bd1 Ra1 78. Bb3 Ra3 79. Rb8 Ra5 80. Rb7+ Kf8 81. Ke6 Kg8 82. g5 Ra8 83. g6 Kh8 1-0

[Event "83rd Georgian Championship 2024"]
[Site "Tbilisi"]
[Date "2024.02.04"]
[Round "6.1"]
[White "Kacharava, Nikolozi"]
[Black "kiladze, Luka"]
[Result "1/2-1/2"]
[ECO "B31"]
[WhiteElo "2523"]
[BlackElo "2179"]
[Annotator "RC"]
[PlyCount "104"]
[EventDate "2024.01.29"]
[EventCountry "GEO"]
[SourceTitle "playchess.com"]
[Source "ChessBase"]
[SourceQuality "1"]
[TimeControl "5400+30"]

1. e4 c5 2. Nf3 Nc6 3. Bb5 g6 4. Bxc6 dxc6 5. d3 Bg7 6. h3 e5 7. O-O Qe7 8. a4 Nf6 9. a5 Nd7 10. Nc3 Nf8 11. Be3 Ne6 12. Nd2 O-O 13. Na4 Rd8 14. Re1 Nd4 15. f3 b5 16. axb6 axb6 17. Bxd4 cxd4 18. Nxb6 Rxa1 19. Nxc8 Rxc8 20. Qxa1 Bh6 21. Nf1 Qb7 22. b3 Ra8 23. Qb2 Qa7 24. g3 Bf8 25. Qc1 f6 26. Re2 Bb4 27. f4 Qe7 28. Rf2 Kg7 29. Qd1 Bc3 30. Kg2 Ra1 31. Qg4 h5 32. Qc8 Be1 33. Rf3 c5 34. fxe5 fxe5 35. b4 cxb4 36. Qc4 Ra3 37. Kg1 Ra1 38. h4 Bxg3 39. Qc8 Bxh4 40. Kg2 Rc1 41. Qc4 Re1 42. Kh1 Re2 43. Qc8 Be1 44. Nh2 Bd2 45. Rf1 Bf4 46. Nf3 Re3 47. Kg2 g5 48. Ra1 g4 49. Nh4 Re2+ 50. Kf1 Re1+ 51. Rxe1 Qxh4 52. Qd7+ Kg6 1/2-1/2

[Event "83rd Georgian Championship 2024"]
[Site "Tbilisi"]
[Date "2024.02.04"]
[Round "6.2"]
[White "Jobava, Baadur"]
[Black "Gagunashvili, Merab"]
[Result "1-0"]
[ECO "C44"]
[WhiteElo "2591"]
[BlackElo "2562"]
[Annotator "RC"]
[PlyCount "115"]
[EventDate "2024.01.29"]
[EventCountry "GEO"]
[SourceTitle "playchess.com"]
[Source "ChessBase"]
[SourceQuality "1"]
[TimeControl "5400+30"]

1. e4 e5 2. Nf3 Nc6 3. c3 d5 4. d3 dxe4 5. dxe4 Qxd1+ 6. Kxd1 Nf6 7. Nbd2 Bc5 8. Bb5 Bd7 9. Ke2 a5 10. Rd1 Ne7 11. Bxd7+ Nxd7 12. a4 f6 13. Ne1 Nc8 14. Nd3 Be7 15. f3 Ncb6 16. Nf1 Nc5 17. Nxc5 Bxc5 18. Be3 Bxe3 19. Nxe3 Kf7 20. Ra3 Rhd8 21. Rxd8 Rxd8 22. Rb3 Rb8 23. Rb5 Nxa4 24. Rxa5 Nb6 25. c4 Ke6 26. b4 Nc8 27. Kd3 Ne7 28. Nd5 Kd7 29. c5 Nc6 30. Ra2 Nd4 31. f4 Nc6 32. b5 Ne7 33. fxe5 fxe5 34. Kc4 Ng6 35. Ra7 Kd8 36. Nb4 Ne7 37. Nd3 c6 38. Nxe5 cxb5+ 39. Kxb5 Kc7 40. Ra3 Rd8 41. Rg3 g6 42. Rh3 h5 43. Rd3 Rxd3 44. Nxd3 g5 45. Ne5 Ng8 46. Kc4 Nf6 47. Kd4 b6 48. cxb6+ Kxb6 49. Nf7 g4 50. e5 Ne8 51. e6 Kc6 52. Ke5 Nc7 53. Nd6 Nd5 54. Nf5 Nc3 55. g3 Kc7 56. Nd6 Kd8 57. Kf6 Nd5+ 58. Kf7 1-0

[Event "83rd Georgian Championship 2024"]
[Site "Tbilisi"]
[Date "2024.02.04"]
[Round "6.3"]
[White "Paichadze, Luka"]
[Black "Pantsulaia, Levan"]
[Result "1/2-1/2"]
[ECO "B20"]
[WhiteElo "2503"]
[BlackElo "2561"]
[Annotator "RC"]
[PlyCount "20"]
[EventDate "2024.01.29"]
[EventCountry "GEO"]
[SourceTitle "playchess.com"]
[Source "ChessBase"]
[SourceQuality "1"]
[TimeControl "5400+30"]

1. e4 c5 2. b3 d6 3. Bb2 a6 4. Nf3 Nc6 5. c4 e5 6. Be2 Nf6 7. d3 g6 8. O-O Bg7 9. h3 O-O 10. Nbd2 h6 1/2-1/2

[Event "83rd Georgian Championship 2024"]
[Site "Tbilisi"]
[Date "2024.02.04"]
[Round "6.5"]
[White "Tsomaia, Nikoloz"]
[Black "Sanikidze, Tornike"]
[Result "1-0"]
[ECO "C00"]
[WhiteElo "2231"]
[BlackElo "2449"]
[Annotator "RC"]
[PlyCount "81"]
[EventDate "2024.01.29"]
[EventCountry "GEO"]
[SourceTitle "playchess.com"]
[Source "ChessBase"]
[SourceQuality "1"]
[TimeControl "5400+30"]

1. e4 e6 2. d3 d5 3. Nd2 Nf6 4. Ngf3 a5 5. g3 dxe4 6. dxe4 Nc6 7. Bb5 Bc5 8. Qe2 Ng4 9. h3 Nxf2 10. Rh2 O-O 11. Rxf2 Bxf2+ 12. Kxf2 f5 13. Kg2 a4 14. c3 e5 15. Bd3 f4 16. Nf1 Kh8 17. Bd2 Qf6 18. N1h2 Qg6 19. g4 Be6 20. Bb5 Qf6 21. Be1 h6 22. Bxc6 bxc6 23. c4 Rfe8 24. Bc3 Bg8 25. g5 Qg6 26. Ng4 Bh7 27. Re1 hxg5 28. Ngxe5 Qh5 29. Rg1 Re6 30. Kf2 Rf8 31. Rxg5 Qxh3 32. Rg2 Rff6 33. c5 Qh5 34. Qd3 Qe8 35. Ng5 Re7 36. Rh2 Rh6 37. Rxh6 gxh6 38. Ng4+ Rg7 39. Bxg7+ Kxg7 40. Qd4+ Kg6 41. Nxh7 1-0

[Event "83rd Georgian Championship 2024"]
[Site "Tbilisi"]
[Date "2024.02.05"]
[Round "7.1"]
[White "Sanikidze, Tornike"]
[Black "Kacharava, Nikolozi"]
[Result "0-1"]
[ECO "D30"]
[WhiteElo "2449"]
[BlackElo "2523"]
[Annotator "TA"]
[PlyCount "114"]
[EventDate "2024.01.29"]
[EventType "tourn"]
[EventCountry "GEO"]
[SourceTitle "playchess.com"]
[Source "ChessBase"]
[SourceQuality "1"]
[TimeControl "5400+30"]

1. d4 d5 2. c4 e6 3. Nf3 Nf6 4. e3 Be7 5. cxd5 exd5 6. g3 {[%emt 0:00:05] D30: Queen's Gambit Declined: Systems without Nc3.} O-O 7. Bg2 Nbd7 8. O-O c6 9. b3 Re8 10. Ba3 $146 ({Predecessor:} 10. Bb2 Nf8 11. Ne5 h5 12. Bf3 g6 13. Ba3 Bf5 14. Bxe7 Qxe7 15. Nc3 N8h7 16. h4 {0-1 Chupakhin,A (1668)-Kornev,S (1613) Voronezh Rating op 03-A 2014 (5)}) 10... Bxa3 11. Nxa3 Ne4 12. Nb1 Nf8 13. Ne5 Nd6 14. Nc3 f6 15. Nd3 Bf5 16. Re1 Bxd3 17. Qxd3 f5 18. b4 $1 Nd7 19. b5 Nb6 20. bxc6 bxc6 21. Rac1 Rb8 22. Re2 Kh8 23. f3 (23. Nb1 $14) 23... Qg5 24. Rce1 Nbc4 25. e4 f4 26. gxf4 Qxf4 27. exd5 Rxe2 28. Nxe2 Qh4 29. Rb1 Rxb1+ 30. Qxb1 Qe7 31. Nf4 Qe3+ 32. Kh1 Nb6 (32... Qxf4 33. Qb8+ (33. dxc6 $2 Ne8 $19) (33. dxc6 $2 Ne8 $19)) 33. Nd3 (33. Nh3 $1 $11 {keeps the balance.} cxd5 (33... Nxd5 34. Qb8+ Ne8 35. Ng1 $14) 34. Qb4) 33... cxd5 $17 (33... Nxd5 $6 34. Qb8+ Ne8 35. Qe5 $11) 34. Ne5 Qxd4 35. Qe1 Qf4 36. Nd3 Qf5 (36... Qf6 {simplifies} 37. Qe5 Qxe5 38. Nxe5 a5) 37. Qe7 $1 h6 ({Black should try} 37... h5 $17 38. Qxd6 Qxd3 39. Qf8+ Kh7) 38. Qxa7 (38. Qxd6 $11 {remains equal.} Qxd3 39. Qf8+ Kh7 40. Bh3 Qb1+ 41. Kg2 Qc2+ (41... Qxa2+ 42. Kg3 $11) 42. Kf1 Qc1+ (42... Qxa2 43. Bf5+ g6 44. Qf7+ Kh8 45. Qf6+ Kg8 46. Be6+ Kh7 47. Qf7+ Kh8 48. Qg8#) 43. Kg2 Qb2+ 44. Kg3) 38... Qxd3 39. Qxb6 d4 40. h4 Nf5 41. Qg6 Qb1+ $1 42. Kh2 Qb8+ $1 43. Kh3 Qc8 44. f4 {[%emt 0:00:29] [#]} d3 $1 45. Be4 {[%emt 0:00:20] [#]} Ne7+ $1 46. Qg4 Qc4 47. f5 (47. Bf3 $17) 47... d2 $1 $19 (47... Qxa2 48. Bxd3 (48. f6 gxf6 49. Bxd3 Qd5 $15) 48... Ng8 49. Qe2 $15) 48. Bf3 Qf1+ 49. Kh2 Qf2+ 50. Kh3 Qf1+ 51. Kh2 $1 Qf2+ 52. Kh3 Nd5 53. f6 Nxf6 54. Qc8+ Ng8 55. Bd5 $2 (55. Qg4 $17) 55... Qe3+ (55... d1=B 56. Qxg8#) 56. Kg2 Qe2+ ({And not} 56... d1=B 57. Qxg8#) 57. Kh3 Qf1+ $2 ({Inferior is} 57... d1=B 58. Qxg8#) (57... Qd3+ {mates} 58. Kh2 Qxd5 (58... d1=B 59. Qxg8#) 59. Qg4 d1=Q (59... d1=B $2 60. Qf4 $19) 60. Qxd1 Qxd1 61. Kg3 Qf1 62. a4 Nf6 63. Kh2 Ne4 64. h5 Qf2+ 65. Kh3 Qg3#) 0-1

[Event "83rd Georgian Championship 2024"]
[Site "Tbilisi"]
[Date "2024.02.05"]
[Round "7.2"]
[White "Quparadze, Giga"]
[Black "Tsomaia, Nikoloz"]
[Result "1-0"]
[ECO "C64"]
[WhiteElo "2491"]
[BlackElo "2231"]
[Annotator "TA"]
[PlyCount "53"]
[EventDate "2024.01.29"]
[EventType "tourn"]
[EventCountry "GEO"]
[SourceTitle "playchess.com"]
[Source "ChessBase"]
[SourceQuality "1"]
[TimeControl "5400+30"]

1. e4 e5 2. Nf3 Nc6 3. Bb5 a6 4. Ba4 Bc5 5. c3 Nge7 6. O-O Ba7 7. d4 Ng6 8. d5 Nce7 {[%emt 0:00:04] White is slightly better.} 9. d6 cxd6 10. Qxd6 b5 11. Bb3 Bb8 12. Qd3 d5 13. a4 (13. Rd1 $14) 13... f5 $1 $11 14. Bxd5 {[%emt 0:00:05] [#] Hoping for exf5.} Bb7 $1 15. Ng5 $40 {[%emt 0:02:54][%mdl 128] Black needs to defend precisely.} (15. axb5 Bxd5 (15... Nxd5 16. exd5 e4 17. Qe2 $16) 16. exd5 e4 $17) 15... Nxd5 16. Ne6 Qe7 (16... fxe4 $11 {keeps the balance.} 17. Nxd8 exd3 18. Nxb7 Ba7) 17. exd5 $16 {[%emt 0:00:50] Black must now prevent Be3.} e4 18. Qd1 {[%emt 0:00:05] Strongly threatening Be3.} Qd6 $2 (18... Nf8 $1 $14) 19. Qh5 $18 (19. Nxg7+ Kf7 20. Qh5 Kxg7 21. Bh6+ Kg8 $11) 19... Qe5 {[%emt 0:10:46] [#]} 20. c4 bxc4 $16 21. Bf4 {[%emt 0:01:03] White is much more active.} Qxb2 22. Bxb8 $1 Rxb8 $4 (22... Qxa1 $16 23. Nd2 Qf6) 23. Na3 $18 {[%emt 0:00:19][%cal Bb1a3,Ba3c4,Bc4e3,Be3f5][%mdl 32] White is clearly winning.} Qf6 24. Nxc4 {[%emt 0:00:04] And now Rab1 would win.} Ke7 25. Ne3 f4 (25... Rbd8 $142 26. Nxf5+ (26. Qxf5 Qxf5 27. Nxf5+ Kf6 $18) 26... Kf7) 26. Nf5+ {[%emt 0:00:15] Excellent horsemanship.} Kd7 (26... Kf7 $142 27. Nd6+ (27. Nfxg7 Qe5 $18) (27. Nxf4 Rhd8 $16) 27... Ke7 28. Nxe4 Qe5) 27. Nc5+ {[%emt 0:00:13] Weighted Error Value: White=0.38/Black=0.55.  Loses game:     	---       	Black=1      Missed win:     	White=1     	---        Mistake:       	White=1     	Black=4      Inaccurate:     	White=1     	Black=1      OK:         	White=10    	Black=8      Best:        	White=4     	Black=1      Strong:       	White=1     	Black=2} 1-0

[Event "83rd Georgian Championship 2024"]
[Site "Tbilisi"]
[Date "2024.02.05"]
[Round "7.3"]
[White "Pantsulaia, Levan"]
[Black "Mchedlishvili, Mikheil"]
[Result "0-1"]
[ECO "A22"]
[WhiteElo "2561"]
[BlackElo "2569"]
[Annotator "TA"]
[PlyCount "50"]
[EventDate "2024.01.29"]
[EventType "tourn"]
[EventCountry "GEO"]
[SourceTitle "playchess.com"]
[Source "ChessBase"]
[SourceQuality "1"]
[TimeControl "5400+30"]

1. c4 e5 2. Nc3 Nf6 3. g3 Bb4 4. Bg2 O-O 5. e4 Bxc3 6. dxc3 d6 7. Ne2 a6 8. a4 Nc6 9. h3 Be6 {[%emt 0:05:36] The position is equal.} 10. b3 Qc8 11. Be3 Na5 12. Nc1 Qd7 13. Ra2 b5 14. axb5 axb5 15. c5 (15. f4 $15) 15... Qc6 16. cxd6 cxd6 17. Qc2 {[%emt 0:05:07] [#]} d5 $1 {[%emt 0:05:01] Black is more active.} 18. b4 $2 {[%emt 0:00:56] Now White is beyond hope.} (18. O-O $17) 18... Nc4 $19 19. Bc5 Rxa2 20. Nxa2 Re8 21. f3 (21. O-O $142) 21... dxe4 22. fxe4 (22. O-O) 22... Rd8 {[%emt 0:01:41] And now ...Rd2 would win. Black is clearly winning.} 23. O-O Rd2 24. Qb1 {[%emt 0:00:03] [#]} Rxg2+ $1 25. Kxg2 Nxe4 {[%emt 0:00:08] Weighted Error Value: White=0.67/Black=0.26 (precise) .  Loses game:     	White=1     	---        Mistake:       	White=3     	---        Inaccurate:     	White=2     	Black=1      OK:         	White=1     	Black=4      Best:        	White=1     	Black=1      Strong:       	---       	Black=1} (25... Qxe4+ 26. Qxe4 Nxe4 27. Rd1 $11) 0-1